 Dungeon Crawl Stone Soup version bcrawl-1.39.1 (webtiles) character file.

Game seed: 11521116717737195671

367211 kosoiffoigrumme1174 the Nimble (level 11, -3/53 HPs)
             Began as a Mana Stalker Chaos Knight on Sept 19, 2023.
             Was an Elder of Okawaru.
             Slain by a hornet (shapeshifter) (12 damage)
             ... on level 10 of the Dungeon.
             The game lasted 00:30:18 (11044 turns).

kosoiffoigrumme1174 the Nimble (VSCK)              Turns: 11044, Time: 00:30:18

Health: -3/53      AC:  9    Str:  9 (12) XL:     11   Next: 89%
Magic:  0/16       EV: 13    Int:  3 (14) God:    Okawaru [****..]
Gold:   584        SH:  0    Dex: 12 (18) Spells: 10/10 levels left

rFire    x . .     GDR:     24% a - +1 hand axe (venom)
rCold    . . .     SeeInvis +   (no shield)
rNeg     . . .     Gourm    .   j - +0 scale mail of Shadows and Fog {+Inv rF- rCorr Slay+2}
rPois    +         Faith    .   z - +2 hat {SInv}
rElec    .         Spirit   +   (no cloak)
rCorr    +         Reflect  .   o - +0 pair of gloves
MR       ++...                  (no boots)
Stlth    +++++.....             n - amulet of guardian spirit
HPRegen  0.58/turn              (no ring)
MPRegen  0.15/turn              k - ring of stealth

@: very slightly contaminated, invisible
A: fangs 3, horns 1, clever 1, deterioration 2, frail 1, low mp 1, magic
resistance 1, sense surroundings 1, poison resistance, regeneration 1, weak 1,
antimagic bite, no potion heal 3, rot immunity, MP-powered wands, sturdy frame
1, strong jaws
a: Heroism, Renounce Religion


You were on level 10 of the Dungeon.
You worshipped Okawaru.
Okawaru was greatly pleased with you.
You were hungry.

You visited 2 branches of the dungeon, and saw 11 of its levels.
You also visited: Bailey.

You collected 892 gold pieces.
You spent 308 gold pieces at shops.

Inventory:

Hand Weapons
 a - a +1 hand axe of venom (weapon)
 b - a +2 dagger of protection
 c - a +0 blowgun
 d - a +2 longbow of velocity
Missiles
 m - 154 poisoned needles
 r - 6 curare-tipped needles
 u - 900 sling bullets
 B - 1847 stones (quivered)
 C - 1473 arrows
Armour
 i - a +0 troll leather armour
 j - the +0 scale mail of Shadows and Fog (worn) {+Inv rF- rCorr Slay+2}
   (You bought it in a shop on level 8 of the Dungeon)

   It affects your accuracy and damage with ranged weapons and melee attacks
   (+2).
   It makes you vulnerable to fire.
   It lets you turn invisible.
   It provides partial protection from all sources of acid and corrosion.
 o - a +0 pair of gloves (worn)
 z - a +2 hat of see invisible (worn)
 D - a +0 pair of boots
Jewellery
 k - a ring of stealth (right hand)
 n - an amulet of guardian spirit (around neck)
 y - an uncursed amulet of the gourmand
Wands
 q - a wand of flame (33)
 v - a wand of polymorph (22)
 x - a wand of random effects (4)
Scrolls
 f - a scroll of enchant weapon
 g - 5 scrolls of teleportation
 h - 5 scrolls of remove curse
 l - 2 scrolls of enchant armour
 w - a scroll of revelation
 A - a scroll of silence {unknown}
 F - a scroll of blinking {unknown}
Potions
 s - 6 potions of curing
 t - a potion of cancellation
 E - a potion of lignification {unknown}
Comestibles
 e - 14 rations {!d}


   Skills:
 - Level 2.6 Fighting
 - Level 2.6 Short Blades
 - Level 0.7 Armour
 - Level 10.0 Dodging
 - Level 7.8 Stealth
 - Level 10.0 Unarmed Combat
 + Level 8.4 Invocations
 + Level 7.6 Evocations


You had 10 spell levels left.
You didn't know any spells.
Your spell library contained the following spells:

 Spells                   Type           Power        Failure   Level  Hunger
 Sublimation of Blood     Necr           #.........   98%         2    ####...
 Ignite Poison            Fire/Tmut/Pois #.......     100%        3    #####..
 Petrify                  Tmut/Erth      #.........   100%        4    ######.
 Sticky Flame             Conj/Fire      #.......     100%        4    ######.
 Ozocubu's Refrigeration  Ice            #.........   100%        6    #######
 Virulence                Hex/Pois       #.......     100%        6    #######


Dungeon Overview and Level Annotations

Branches:
Dungeon (10/12)            Temple (1/1) D:4            Lair (0/6) D:9
    Orc: D:8-11

Altars:
Ashenzari
Cheibriados
Dithmenos
Elyvilon
Fedhas
Gozag
Hepliaklqana
Kikubaaqudgha
Lugonu
Makhleb
Nemelex Xobeh
Okawaru
Qazlal
Ru
Sif Muna
Trog
Uskayaw
Vehumet
Wu Jian
Xom
Yredelemnul
Zin
The Shining One

Shops:
D:8 [


Innate Abilities, Weirdness & Mutations

You have razor-sharp teeth.
You are resistant to hostile enchantments. (MR+)
Your natural rate of healing is unusually fast.
Your bite disrupts and absorbs the magic of your enemies.
Potions cannot restore your health.
You are immune to rotting.
Your bites deal extra damage.
You have a pair of small horns on your head.
Your mind is acute. (Int +2)
Your body often deteriorates upon taking damage.
You are frail. (-10% HP)
Your magical capacity is low. (-10% MP)
You passively map a small area around you.
Your system is resistant to poisons. (rPois)
You are weak. (Str -2)
You expend magic power (3 MP) to strengthen your wands.
Your movements are slightly less encumbered by armour. (ER -2)


Message History

The yak misses you. Okawaru accepts your kill.
You feel a bit more experienced.
You feel like a meek peon again. The hornet stings you!
* * * LOW HITPOINT WARNING * * *
Your body deteriorates!
You feel dopey.
You open the door.
You are now a toy of Xom.
The hornet stings you. The hungry ghost barely misses you.
The hungry ghost hits you.
* * * LOW HITPOINT WARNING * * *
You are feeling hungry.
The hornet misses you.
There is an open door here.
Okay, then.
You fade into invisibility!
The hornet barely misses you. The hornet stings you!
You die...
Xom roars with laughter!

.#### ####'##### #..........
....######........# #.........[
.........#........#####..........
....####.'........##.............
....# ###........+..##...)......
##### #........############.##
###'###### #... #....### ###. *
####.@.# # .. ########y## * * *
#. #....Y..W.# , , ,, ##.####
#......Y..#* , ,
.>....####Y........+, * ,
......##...........# , ,
......##.#.........# ,
....Zy#..#.........# *
....Y.#y############ ,


You could see a hungry ghost and a hornet shaped shifter.

Vanquished Creatures
  A centaur warrior (D:8)
  Pikel (D:7)
  A kobold demonologist (D:10)
  A komodo dragon (D:9)
  4 eyes of draining
  A tengu conjurer (D:7)
  4 trolls
  2 polar bears (D:8)
  3 hippogriffs
  3 wyverns (D:9)
  Sigmund (D:2)
  6 yaks
  A hungry ghost (D:6)
  A basilisk (D:9)
  An acid dragon (D:9)
  8 orc warriors
  2 ice beasts (D:8)
  4 phantoms
  2 ogres (D:6)
  A necrophage (D:7)
  A wolf (D:8)
  15 kobold brigands
  3 bullfrogs
  2 centaurs
  A wyvern skeleton (D:9)
  4 scorpions
  A water moccasin skeleton (D:7)
  7 killer bees (D:9)
  3 wights (D:7)
  3 howler monkeys
  5 orc priests
  4 crimson imps
  A bullfrog skeleton (D:8)
  5 hounds
  4 jellies
  6 orc wizards
  A gnoll shaman (D:6)
  11 worker ants
  3 iguanas
  A hound zombie (D:8)
  2 hound skeletons
  A howler monkey zombie (D:8)
  2 worker ant zombies
  6 gnolls
  A river rat (D:9)
  13 adders
  A hound simulacrum (D:8)
  A howler monkey skeleton (D:8)
  2 shadow imps
  A howler monkey simulacrum (D:8)
  3 white imps (D:8)
  2 oozes
  2 adder skeletons
  5 worms
  A dart slug (D:1)
  An adder simulacrum (D:8)
  3 leopard geckos
  41 orcs
  2 ball pythons
  2 bats
  A goblin (shapeshifter) (D:7)
  11 goblins
  5 hobgoblins
  10 jackals
  23 kobolds
  5 quokkas
  8 frilled lizards
  A jackal skeleton (D:4)
  A jackal zombie (D:6)
  2 quokka skeletons
  6 rats
294 creatures vanquished.

Vanquished Creatures (collateral kills)
  A fire bat (shapeshifter) (D:7)
  An orc warrior (Bailey)
  3 kobold brigands (D:10)
  2 orcs
7 creatures vanquished.

Vanquished Creatures (others)
  An ice beast (D:8)
  A kobold brigand (D:10)
  A gnoll (D:8)
  5 kobolds (D:10)
8 creatures vanquished.

Grand Total: 309 creatures vanquished

Notes
Turn   | Place    | Note
-------+----------+-------------------------------------------
     0 | D:1      | kosoiffoigrumme1174 the Vine Stalker Chaos Knight began the
                  | quest for the Orb.
     0 | D:1      | Reached XP level 1. HP: 13/13 MP: 2/2
    30 | D:1      | Reached skill level 1 in Stealth
    57 | D:1      | Reached XP level 2. HP: 16/18 MP: 3/3
   104 | D:1      | XOM: potion effect (agility)
   105 | D:1      | XOM: harmless Fire miscast
   433 | D:1      | Reached XP level 3. HP: 18/22 MP: 4/4
  1259 | D:2      | Noticed Sigmund
  1295 | D:1      | XOM: harmless Necr miscast
  1330 | D:2      | XOM: silly message
  1357 | D:2      | Reached skill level 5 in Stealth
  1357 | D:2      | Reached XP level 4. HP: 26/27 MP: 5/5
  1435 | D:2      | Killed Sigmund
  1436 | D:2      | Reached XP level 5. HP: 31/31 MP: 6/6
  1673 | D:2      | Gained mutation: You have razor-sharp teeth. [Vine Stalker
                  | growth]
  1673 | D:2      | Reached XP level 6. HP: 33/36 MP: 7/7
  2054 | D:2      | Found a radiant altar of Vehumet.
  2118 | D:2      | XOM: harmless Pois miscast
  2122 | D:2      | XOM: mild Necr miscast
  2236 | D:3      | Found a faded altar of an unknown god.
  2908 | D:3      | Reached skill level 5 in Dodging
  2965 | D:3      | XOM: give mutations
  2965 | D:3      | Gained mutation: Your body sometimes deteriorates upon
                  | taking damage. [Xom's mischief]
  2965 | D:3      | Gained mutation: Your body often deteriorates upon taking
                  | damage. [Xom's mischief]
  2965 | D:3      | Gained mutation: You are clumsy. (Dex -2) [Xom's mischief]
  2965 | D:3      | Gained mutation: You are weak. (Str -2) [Xom's mischief]
  3103 | D:3      | XOM: harmless Pois miscast
  3146 | D:4      | Reached XP level 7. HP: 40/40 MP: 8/8
  3248 | D:4      | XOM: fog
  3418 | D:4      | Found a bloodstained altar of Trog.
  3418 | D:4      | Noticed an eye of draining
  3418 | D:4      | Noticed an eye of draining
  3599 | D:4      | Found a staircase to the Ecumenical Temple.
  3607 | D:4      | XOM: confuse monster(s)
  3614 | Temple   | Entered the Ecumenical Temple
  3638 | Temple   | XOM: 1-stop teleportation journey
  3692 | Temple   | XOM: scenery: create altars
  3825 | Temple   | XOM: scenery: create altars
  3872 | Temple   | XOM: give mutations
  3872 | Temple   | Gained mutation: You passively map a small area around you.
                  | [Xom's grace]
  3872 | Temple   | Gained mutation: You heal very quickly. [Xom's grace]
  3889 | Temple   | Fell from the grace of Xom
  3889 | Temple   | Became a worshipper of Warmaster Okawaru
  4022 | D:5      | Entered Level 5 of the Dungeon
  4166 | D:5      | Noticed Eustachio
  4173 | D:5      | XOM: noise
  4211 | D:5      | HP: 1/40 [bullfrog (9)]
  4212 | D:5      | XOM: noise
  4259 | D:5      | XOM: scenery: 2 doors open
  4475 | D:5      | Gained mutation: Your bite disrupts and absorbs the magic
                  | of your enemies. [Mana Stalker growth]
  4475 | D:5      | Gained mutation: You are resistant to hostile enchantments.
                  | (MR+) [Mana Stalker growth]
  4475 | D:5      | Reached XP level 8. HP: 40/45 MP: 8/9
  4480 | D:5      | Noticed Eustachio
  4480 | D:5      | Eustachio changed into Eustachio the rat
  4480 | D:5      | XOM: polymorph Eustachio -> Eustachio the rat
  4483 | D:5      | Killed Eustachio the rat
  4490 | D:5      | XOM: divination: magic mapping
  4498 | D:5      | XOM: smoke on damage
  4975 | D:5      | XOM: give mutation
  4975 | D:5      | Gained mutation: You have a pair of small horns on your
                  | head. [Xom's grace]
  5050 | D:6      | Reached * piety under Okawaru
  5173 | D:6      | XOM: enchant monster (good)
  5203 | D:6      | Found a radiant altar of Vehumet.
  5398 | D:6      | Reached skill level 10 in Dodging
  5598 | D:6      | Found a blossoming altar of Fedhas.
  5768 | D:7      | XOM: butterfly on damage
  5770 | D:7      | XOM: summons 3 friendly demons
  5787 | D:7      | XOM: confuse monster(s)
  5794 | D:7      | Reached XP level 9. HP: 22/49 MP: 10/10
  5812 | D:6      | XOM: give mutations
  5812 | D:6      | Gained mutation: Your system is resistant to poisons.
                  | (rPois) [Xom's grace]
  5812 | D:6      | Gained mutation: Your mind is acute. (Int +2) [Xom's grace]
  5853 | D:7      | Found a shimmering altar of Xom.
  5853 | D:7      | Found a shimmering altar of Xom.
  5853 | D:7      | Found a shimmering altar of Xom.
  5853 | D:7      | Found a shimmering altar of Xom.
  5853 | D:7      | Found a shimmering altar of Xom.
  5924 | D:7      | Found a shimmering altar of Xom.
  5925 | D:7      | Found a shimmering altar of Xom.
  5925 | D:7      | Found a shimmering altar of Xom.
  5925 | D:7      | Found a shimmering altar of Xom.
  5937 | D:7      | XOM: confuse monster(s)
  5997 | D:7      | XOM: 2-stop teleportation journey
  6052 | D:6      | XOM: scenery: create altars
  6060 | D:6      | XOM: confuse monster(s)
  6212 | D:7      | Reached skill level 5 in Unarmed Combat
  6257 | D:7      | XOM: scenery: create altars
  6262 | D:7      | Reached ** piety under Okawaru
  6387 | D:7      | XOM: cleaving
  6400 | D:7      | XOM: summons friendly shadow imp
  6461 | D:7      | XOM: 2-stop teleportation journey
  6713 | D:7      | Noticed a tengu conjurer
  6735 | D:7      | XOM: potion effect (might)
  6738 | D:7      | Killed a tengu conjurer
  6956 | D:7      | Noticed Pikel
  6970 | D:7      | XOM: cast spell 'Necromutation'
  6980 | D:7      | XOM: divination: detect creatures
  6983 | D:7      | Killed Pikel
  6983 | D:7      | Reached *** piety under Okawaru
  6984 | D:7      | Reached XP level 10. HP: 49/54 MP: 11/11
  7212 | D:8      | XOM: divination: detect creatures
  7219 | D:8      | XOM: potion effect (haste)
  7224 | D:8      | XOM: potion effect (might)
  7233 | D:8      | Reached skill level 10 in Unarmed Combat
  7276 | D:8      | Reached skill level 1 in Invocations
  7283 | D:8      | Found Ehask's Armour Boutique.
  7342 | D:8      | Reached skill level 1 in Evocations
  7358 | D:8      | XOM: cast spell 'Summon Scorpions'
  7383 | D:8      | XOM: harmless Pois miscast
  7442 | D:8      | Bought the cursed +0 scale mail of Shadows and Fog {+Inv
                  | rF- rCorr Slay+2} for 308 gold pieces
  7472 | D:8      | Reached **** piety under Okawaru
  7571 | D:8      | XOM: give mutation
  7571 | D:8      | Lost mutation: You are clumsy. (Dex -2) [Xom's grace]
  7641 | D:8      | Noticed a centaur warrior
  7642 | D:8      | XOM: scenery: 1 doors open
  7655 | D:8      | Killed a centaur warrior
  7721 | D:8      | XOM: divine lightning
  7726 | D:8      | XOM: cleaving
  7731 | D:8      | XOM: butterfly on damage
  7828 | D:8      | XOM: confusion (+ monsters)
  7858 | D:8      | XOM: 1-stop teleportation journey
  7865 | D:8      | XOM: mild Erth miscast
  7942 | D:8      | Reached skill level 5 in Invocations
  8003 | D:8      | XOM: mild Erth miscast
  8119 | D:8      | XOM: medium Conj miscast
  8124 | D:8      | XOM: silly message
  8135 | D:8      | Reached XP level 11. HP: 19/59 MP: 11/16
  8184 | D:8      | XOM: cloud trail
  8187 | D:8      | XOM: mild Air miscast
  8193 | D:8      | XOM: harmless Hex miscast
  8887 | D:4      | Reached skill level 5 in Evocations
  8945 | D:4      | XOM: mild Tloc miscast
  9116 | D:9      | XOM: give mutation
  9116 | D:9      | Gained mutation: You are frail. (-10% HP) [Xom's mischief]
  9278 | D:9      | Got a shimmering leather armour
  9547 | D:9      | Found a flagged portal.
  9556 | Bailey   | Entered a bailey
  9643 | Bailey   | XOM: fog
  9648 | Bailey   | XOM: noise
  9739 | Bailey   | Noticed an orc knight
  9751 | Bailey   | Noticed an unseen horror
  9751 | Bailey   | an orc knight changed into an unseen horror
  9751 | Bailey   | XOM: polymorph orc knight -> unseen horror
  9765 | D:9      | Gained mutation: Your magical capacity is low. (-10% MP)
                  | [mutagenic glow]
 10029 | D:9      | Identified the +0 leather armour of Distant Shores {Stlth+}
                  | (You found it on level 9 of the Dungeon)
 10276 | D:9      | XOM: polymorph basilisk -> river rat
 10336 | D:9      | XOM: 1-stop teleportation journey
 10482 | D:9      | Found a staircase to the Lair.
 10616 | D:10     | Entered Level 10 of the Dungeon
 10791 | D:10     | XOM: give mutations
 10791 | D:10     | Gained mutation: Your movements are slightly less
                  | encumbered by armour. (ER -2) [Xom's grace]
 10791 | D:10     | Gained mutation: You expend magic power (3 MP) to
                  | strengthen your wands. [Xom's grace]
 10841 | D:10     | XOM: cast spell 'Monstrous Menagerie'
 10993 | D:10     | XOM: scenery: 3 doors open, 1 doors close
 11006 | D:10     | XOM: 4-stop teleportation journey
 11019 | D:10     | XOM: destruction
 11026 | D:10     | XOM: polymorph wind drake -> water moccasin
 11044 | D:10     | Slain by a hornet (shapeshifter)

Skill      XL: |  1  2  3  4  5  6  7  8  9 10 11 |
---------------+----------------------------------+-----
Stealth        | 2 3 5 7 |  7.8
Dodging        | 5 7 10 | 10.0
Unarmed Combat | 3 9 10 | 10.0
Invocations    | 5 8 |  8.4
Evocations     | 4 7 |  7.6
Fighting       | |  2.6
Short Blades   | |  2.6
Armour         | |  0.7

Action                   |  1- 3 |  4- 6 |  7- 9 | 10-12 || total
-------------------------+-------+-------+-------+-------++-------
Melee: Short sword       |    58 |   110 |   138 |       ||   306
       Bite              |     4 |    13 |    62 |    80 ||   159
       Dagger            |       |       |   123 |    48 ||   171
       Headbutt          |       |       |    30 |    48 ||    78
       Hand axe          |       |       |    70 |   321 ||   391
       Punch             |       |       |     3 |    19 ||    22
 Fire: Longbow           |       |       |       |    27 ||    27
Throw: Stone             |       |     1 |    40 |    29 ||    70
Invok: Heroism           |       |       |    11 |    29 ||    40
 Abil: Evoke Invisibilit |       |       |       |    10 ||    10
Evoke: Wand              |       |       |     5 |       ||     5
  Use: Scroll            |     5 |     3 |     6 |     7 ||    21
       Potion            |       |     3 |     4 |     3 ||    10
 Stab: Sleeping          |     6 |    19 |    26 |     6 ||    57
       Distracted        |       |       |     1 |     1 ||     2
       Paralysed         |       |       |     1 |       ||     1
       Petrifying        |       |       |     1 |       ||     1
       Confused          |       |       |     1 |     3 ||     4
       Invisible         |       |       |       |    42 ||    42
  Eat: Chunk             |     1 |    10 |    16 |    24 ||    51
       Ration            |       |       |     2 |     3 ||     5
Armor: Leather armour    |     8 |    30 |    62 |    13 ||   113
       Scale mail        |       |       |       |   153 ||   153
Dodge: Dodged            |    27 |    64 |   282 |   409 ||   782
